 Dungeon Crawl Stone Soup version 0.31.0-11-ge490571c62 (webtiles) character file.

Game seed: 11432946797788820836

21796 bearlyready the Mimic (level 12, -2/102 HPs)
             Began as an Octopode Shapeshifter on Feb 5, 2024.
             Was an Initiate of Gozag.
             Slain by a lorocyproca (22 damage)
             ... on level 2 of the Abyss.
             The game lasted 00:25:48 (14575 turns).

bearlyready the Mimic (Octopode Shapeshifter)      Turns: 14575, Time: 00:25:48

Health: -2/102     AC: 15    Str: 28    XL:     12   Next: 93%
Magic:  0/12       EV: 10    Int: 13    God:    Gozag
Gold:   1780       SH:  5    Dex: 18    Spells: 11/11 levels left

rFire   . . .        g - melded +7 long sword of the Badger {venom, Str+3 Int+2 Stlth-}
rCold   . . .        (shield currently unavailable)
rNeg    . . .        (helmet currently unavailable)
rPois   +            i - amulet of reflection
rElec   .            y - +6 ring of strength
rCorr   .            Y - +6 ring of dexterity
SInv    .            H - +4 ring of protection
Will    .....        (no ring)
Stlth   ++           (no ring)
HPRegen 0.37/turn    (no ring)
MPRegen 0.13/turn    (no ring)
                     (no ring)

%: reflection
@: snake-form
A: constrict, boosted hp, almost no armour, amphibious, 8 rings, large,
(camouflage 1), (gelatinous body 1), (nimble swimmer 1), (tentacles)
a: Begin Untransformation, Renounce Religion, Potion Petition, Call Merchant,
Bribe Branch


You were on level 2 of the Abyss.
You worshipped Gozag.
Gozag was most pleased with you.
You were an enormous serpent.
You visited 4 branches of the dungeon, and saw 17 of its levels.
You visited the Abyss 1 time.

You collected 1879 gold pieces.
You paid 99 gold pieces to Gozag.

Inventory:

Hand Weapons
 g - the +7 long sword of the Badger (melded) {venom, Str+3 Int+2 Stlth-}
   (You took it off a hobgoblin on level 4 of the Dungeon)

   Str+3:     It affects your strength (+3).
   Int+2:     It affects your intelligence (+2).
   Stlth-:    It makes you less stealthy.
 I - the +1 mace of the Dwarven Hall {flame, rF- rC+ Str+5 Int+3}
   (You found it on level 7 of the Dungeon)

   Str+5:     It affects your strength (+5).
   Int+3:     It affects your intelligence (+3).
   rF-:       It makes you vulnerable to fire.
   rC+:       It protects you from cold.
Missiles
 j - 111 stones
 m - 52 poisoned darts (quivered)
 t - 5 javelins
 O - 2 curare-tipped darts
Armour
 z - a scarf of resistance
 K - a +0 cloak
 L - an orb of energy
Jewellery
 i - an amulet of reflection (around neck)
 y - a +6 ring of strength (left tentacle)
 H - a +4 ring of protection (on tentacle)
 X - an amulet of the acrobat
 Y - a +6 ring of dexterity (right tentacle)
Talismans
 b - a beast talisman
 c - a flux talisman
 o - a flux talisman
 C - a serpent talisman (active)
 G - a serpent talisman (active)
 V - a blade talisman
Wands
 e - a wand of charming (4)
 D - a wand of polymorph (6)
 F - a wand of mindburst (2)
 T - a wand of flame (18)
Scrolls
 d - 2 scrolls of silence
 k - 4 scrolls of fog
 l - 7 scrolls of teleportation
 n - 3 scrolls of blinking
 q - 3 scrolls of enchant weapon
 u - 3 scrolls of immolation
 v - a scroll of noise
 x - 4 scrolls of torment
 A - 2 scrolls of poison
 B - a scroll of amnesia
 M - 4 scrolls of revelation
 N - 2 scrolls of brand weapon
 Q - 2 scrolls of vulnerability {unknown}
 R - 3 scrolls of fear
 U - a scroll of enchant armour
Potions
 a - 2 potions of brilliance {unknown}
 f - 5 potions of curing
 h - 4 potions of heal wounds {unknown}
 p - 4 potions of haste {unknown}
 r - 4 potions of attraction
 s - 2 potions of enlightenment {unknown}
 w - 3 potions of ambrosia {unknown}
 E - 4 potions of resistance {unknown}
 J - a potion of mutation {unknown}
 P - a potion of berserk rage
 S - a potion of degeneration {unknown}
 W - 2 potions of might {unknown}
 Z - a potion of lignification


   Skills:
 + Level 9.3 Fighting
 - Level 2.0 Dodging
 + Level 12.4 Unarmed Combat
 - Level 5.0 Evocations
 + Level 13.3 Shapeshifting


You had 11 spell levels left.
You didn't know any spells.
Your spell library contained the following spells:

 Spells                   Type           Power      Damage    Failure   Level
 Apportation              Tloc           0%         N/A       30%         1
 Magic Dart               Conj           0%         1d3       30%         1
 Necrotise                Necr           0%         1d4       30%         1
 Sting                    Conj/Alch      0%         1d3       30%         1
 Summon Small Mammal      Summ           0%         N/A       30%         1
 Call Imp                 Summ           0%         N/A       43%         2
 Searing Ray              Conj           0%         2d4       43%         2
 Sublimation of Blood     Necr           0%         N/A       43%         2
 Gell's Gravitas          Tloc           0%         N/A       67%         3
 Teleport Other           Tloc           0%         N/A       67%         3
 Fulminant Prism          Conj/Alch      0%         3d5       97%         4
 Dispersal                Tloc           0%         N/A       100%        6
 Summon Hydra             Summ           0%         N/A       100%        7


Dungeon Overview and Level Annotations

Branches:
Dungeon (14/15)            Temple (1/1) D:5            Lair (1/5) D:10
    Orc (1/2) D:12
 Vaults: D:13-14

Altars:
Ashenzari
Cheibriados
Dithmenos
Elyvilon
Fedhas
Gozag
Hepliaklqana
Kikubaaqudgha
Makhleb
Nemelex Xobeh
Okawaru
Qazlal
Ru
Sif Muna
Trog
Uskayaw
Vehumet
Wu Jian
Xom
Yredelemnul
Zin
The Shining One

Shops:
D:2 [   D:7 :

Annotations:
D:4 2 transporters, soberseth's ghost, amateur MiFi
D:11 1 runed translucent door, Biggs's ghost, novice TrBe
D:14 Roxanne


Innate Abilities, Weirdness & Mutations

You are an enormous serpent.
You have a powerful constriction melee attack.
Your maximum health is increased.
Your armour is entirely melded.
You are incapable of wielding weapons or throwing items.
You cannot wear most types of armour.
You are amphibious.
You can wear up to eight rings at the same time.
((Your skin changes colour to match your surroundings (Stealth+).))
((Your rubbery body absorbs attacks. (AC +1, EV +1)))
((You are camouflaged when in or above water. (Stealth+)))
((You have tentacles for arms and can constrict up to eight enemies at once.))


Message History

A large abomination comes into view.
You start resting.
A smoke demon is nearby!
You barely miss the smoke demon. You lash the smoke demon!
The smoke demon is moderately wounded.
The smoke demon hits you.
The smoke demon hits you but does no damage. x2
You body-slam the smoke demon!!
The smoke demon is almost dead.
The smoke demon barely misses you.
The smoke demon hits you but does no damage.
You block the smoke demon's attack.
You hit the smoke demon.
The smoke demon is almost dead.
The smoke demon hits you but does no damage. x2
The smoke demon barely misses you.
You lash the smoke demon!
You kill the smoke demon!
You now have 1780 gold pieces (gained 4).
You feel your health improve.
You start resting.
There is a strange disturbance nearby!
Deactivating autopickup; reactivate with Ctrl-A.
You barely miss something. You hit something. Something hits you!
You feel your power leaking away.
You completely miss something. Something hits you!
You miss something. Something hits you!
You hit something but do no damage.
You body-slam something!!
Something hits you!!
* * * LOW HITPOINT WARNING * * *
You lash something! Something hits you but does no damage.
You body-slam something!!
Something hits you.
* * * LOW HITPOINT WARNING * * *
You miss something. You hit something. Something hits you but does no damage.
You miss something. Something hits you!!
You die...
Your body crumbles into a pile of gold.

. .#ยง#. .3 # .
# . # ## . .# #
..#.# ..## ###.
#...#####$#....
.#..#.#.......
. #
###........#_.
# #..{S#..#..#
###...#.. .
#..#.....#. #
...#.#..## #
#.#.# ##.#
##..# ## #.#
###


There were no monsters in sight!

Vanquished Creatures
  4 centaur warriors (D:13)
  2 two-headed ogres
  6 death yaks
  A glowing orange brain (Abyss:2)
  3 ugly things
  Pikel (D:4)
  2 cyclopes
  2 manticores
  2 gargoyles
  A smoke demon (Abyss:2)
  A komodo dragon (D:11)
  Jeremiah (D:6)
  A kobold demonologist (D:12)
  An ancient zyme (Abyss:2)
  Grinder (D:4)
  A hornet (D:11)
  Sigmund (D:2)
  A ynoxinul (Abyss:2)
  8 yaks
  3 wraiths
  A vampire (D:12)
  2 shadows (D:11)
  A steam dragon (D:8)
  12 vampire mosquitoes
  An acid dragon (D:11)
  2 water moccasins
  4 orc warriors
  An ice beast (D:6)
  A sky beast (D:7)
  3 black bears
  2 ogres
  9 centaurs
  3 lemures (D:4)
  4 kobold brigands
  2 gnoll sergeants
  A scorpion (D:5)
  3 bullfrogs
  12 wights
  9 killer bees
  7 howler monkeys
  6 hounds
  4 bombardier beetles
  A jelly (D:6)
  6 orc priests
  Jessica (D:2)
  Terence (D:2)
  4 iguanas
  5 orc wizards
  Robin (D:4)
  9 gnolls
  4 adders
  3 shadow imps
  3 white imps
  2 ufetubi (D:6)
  3 dart slugs
  24 orcs
  7 endoplasms
  3 giant cockroaches
  11 goblins
  5 hobgoblins
  2 quokkas
  12 ball pythons
  4 bats
  2 frilled lizards
  20 kobolds
  6 rats
272 creatures vanquished.

Vanquished Creatures (collateral kills)
  An orc priest (D:10)
  2 orcs (D:10)
3 creatures vanquished.

Vanquished Creatures (others)
  A centaur (D:13)
  3 kobolds (D:8)
4 creatures vanquished.

Grand Total: 279 creatures vanquished

Notes
Turn   | Place    | Note
-------+----------+-------------------------------------------
     0 | D:1      | bearlyready the Octopode Shapeshifter began the quest for
                  | the Orb.
     0 | D:1      | Reached XP level 1. HP: 13/13 MP: 1/1
   142 | D:1      | Reached XP level 2. HP: 18/18 MP: 2/2
   980 | D:2      | Noticed Jessica
   990 | D:2      | Killed Jessica
   991 | D:2      | Reached XP level 3. HP: 23/23 MP: 3/3
  1017 | D:2      | Found a stormy altar of Qazlal.
  1125 | D:2      | Reached XP level 4. HP: 26/28 MP: 4/4
  1166 | D:2      | Found a faded altar of an unknown god.
  1166 | D:2      | Noticed a smoke demon
  1179 | D:2      | Found Ledasynu's Armour Shop.
  1229 | D:2      | Noticed Sigmund
  1232 | D:2      | Noticed Terence
  1250 | D:2      | HP: 2/42 [something (1)]
  1254 | D:2      | Killed Sigmund
  1255 | D:2      | Reached skill level 5 in Unarmed Combat
  1255 | D:2      | Reached skill level 4 in Shapeshifting
  1255 | D:2      | Reached XP level 5. HP: 3/33 MP: 5/5
  1255 | D:2      | Reached XP level 6. HP: 4/38 MP: 6/6
  1382 | D:2      | Killed Terence
  1768 | D:3      | Reached skill level 5 in Shapeshifting
  2280 | D:4      | Noticed Grinder
  2433 | D:4      | Noticed Robin
  2471 | D:4      | Killed Robin
  2673 | D:4      | Found a shimmering blue altar of Sif Muna.
  2756 | D:4      | Found a transporter.
  2756 | D:4      | Noticed soberseth's ghost (amateur MiFi)
  2765 | D:4      | Found a transporter.
  2821 | D:4      | Identified the +7 long sword of the Badger {venom, Str+3
                  | Int+2 Stlth-}
  2822 | D:4      | Noticed Pikel
  2847 | D:4      | Reached skill level 6 in Shapeshifting
  2847 | D:4      | Reached XP level 7. HP: 39/43 MP: 7/7
  2855 | D:4      | Killed Pikel
  2856 | D:4      | Reached skill level 7 in Shapeshifting
  2856 | D:4      | Reached XP level 8. HP: 19/48 MP: 8/8
  3213 | D:4      | Paralysed by Grinder for 2 turns
  3217 | D:4      | Killed Grinder
  3218 | D:4      | Reached skill level 8 in Shapeshifting
  3420 | D:5      | Entered Level 5 of the Dungeon
  3475 | D:5      | Reached skill level 1 in Evocations
  4204 | D:5      | Reached skill level 9 in Shapeshifting
  4287 | D:5      | Found a staircase to the Ecumenical Temple.
  4403 | Temple   | Entered the Ecumenical Temple
  4649 | D:5      | Reached XP level 9. HP: 44/53 MP: 9/9
  5215 | D:6      | Noticed Jeremiah
  5238 | D:7      | Found Fyrch's Book Shoppe.
  5239 | D:7      | Identified the +1 mace of the Dwarven Hall {flame, rF- rC+
                  | Str+5 Int+3}
  5502 | D:7      | Found a white marble altar of Elyvilon.
  5502 | D:7      | Found a hazy altar of Hepliaklqana.
  5545 | D:7      | HP: 2/79 [wight/+0 scimitar (3)]
  5917 | D:6      | Reached skill level 10 in Shapeshifting
  6174 | D:6      | Found an opulent altar of Gozag.
  6184 | D:6      | Became a worshipper of Gozag Ym Sagoz the Greedy
  6591 | D:6      | Killed Jeremiah
  6592 | D:6      | Reached XP level 10. HP: 46/58 MP: 10/10
  7302 | D:8      | Found a blossoming altar of Fedhas.
  7302 | D:8      | Found a radiant altar of Vehumet.
  7307 | D:8      | Found a basalt altar of Yredelemnul.
  7309 | D:8      | Found a broken altar of Ashenzari.
  7354 | D:8      | Reached skill level 11 in Shapeshifting
  7764 | D:9      | Noticed a two-headed ogre
  8161 | D:9      | Found a bloodstained altar of Trog.
  8322 | D:10     | Entered Level 10 of the Dungeon
  8322 | D:10     | Noticed a death yak
  8329 | D:10     | Noticed a death yak
  8336 | D:9      | Killed a death yak
  8626 | D:9      | Killed a two-headed ogre
  8627 | D:9      | Reached skill level 5 in Fighting
  8627 | D:9      | Reached skill level 10 in Unarmed Combat
  8627 | D:9      | Reached XP level 11. HP: 71/71 MP: 11/11
  8949 | D:10     | Noticed a death yak
  8949 | D:10     | Noticed a death yak
  8949 | D:10     | Noticed a death yak
  8949 | D:10     | Noticed a death yak
  8959 | D:9      | Killed a death yak
  9190 | D:11     | Found a runed translucent door.
  9191 | D:11     | Found a shimmering altar of Xom.
  9191 | D:11     | Noticed Biggs's ghost (novice TrBe)
  9192 | D:11     | Noticed a +2 mace of chaos
  9314 | D:11     | Noticed a manticore
  9322 | D:11     | Killed a manticore
  9503 | D:11     | Reached skill level 12 in Shapeshifting
  9870 | D:11     | Noticed a brown ugly thing
  9892 | D:11     | Killed a brown ugly thing
  9905 | D:10     | Found a staircase to the Lair.
  9925 | D:10     | Found an iron altar of Okawaru.
 10672 | D:9      | Killed a death yak
 10906 | D:9      | Killed a death yak
 10977 | D:10     | Identified the +5 falchion of the Vestibule of Hell
                  | {antimagic, Dex+3 SInv}
 11016 | D:10     | Killed a death yak
 11125 | D:10     | Killed a death yak
 11126 | D:10     | Reached XP level 12. HP: 76/81 MP: 12/12
 11855 | D:12     | Reached skill level 5 in Evocations
 12427 | D:12     | Identified a scroll of acquirement
 12433 | D:12     | Acquired a +4 ring of protection
 12471 | D:12     | Found a staircase to the Orcish Mines.
 12503 | D:12     | Noticed a two-headed ogre
 12545 | Lair:1   | Entered Level 1 of the Lair of Beasts
 12634 | D:12     | Killed a two-headed ogre
 12901 | D:13     | Noticed a centaur warrior
 12935 | D:13     | Noticed a centaur warrior
 12945 | D:13     | Killed a centaur warrior
 12949 | D:13     | Noticed a centaur warrior
 12959 | D:13     | Killed a centaur warrior
 12960 | D:13     | Reached skill level 13 in Shapeshifting
 13361 | D:13     | Noticed a centaur warrior
 13368 | D:13     | Killed a centaur warrior
 13654 | D:13     | Killed a centaur warrior
 13909 | D:14     | Noticed Roxanne
 13988 | D:14     | Noticed a centaur warrior
 14079 | Orc:1    | Entered Level 1 of the Orcish Mines
 14229 | Abyss:2  | Cast into level 2 of the Abyss (orc knight)
 14394 | Abyss:2  | Noticed a starcursed mass
 14410 | Abyss:2  | Found a corrupted altar of Lugonu.
 14575 | Abyss:2  | Slain by a lorocyproca

Illustrated notes

Levels and vault maps discovered:
D:1:      lightli_arrival_boilingwater, layout_basic, minmay_hedge_maze,
          minmay_shallow_snake_nest
D:2:      layout_rooms, serial_shops, nicolae_shop_waterfront, basic_altar,
          dreamdust_ecumenical_altar_sealed_demon, uniq_jessica, uniq_sigmund,
          uniq_terence
D:3:      layout_basic
D:4:      layout_loops_ring, lemuel_blue_sif_altar, gammafunk_ghost_smash,
          kennysheep_dice, uniq_pikel, uniq_robin, uniq_grinder
D:5:      layout_basic, minmay_temple_entry_trees
D:6:      layout_loops_cross, lemuel_coloured_pillars_altar, uniq_jeremiah
D:7:      layout_rooms, gammafunk_temple_overflow_statue, serial_shops,
          nicolae_shop_crystal, hangedman_decor_opposing, minmay_misc_feat_tower
D:8:      layout_loops_ring, nicolae_overflow_macrodata_refinement
D:9:      layout_loops_ring, bloody_trog, hangedman_decor_peaks_small
D:10:     layout_rooms, nicolae_overflow_crystal_walls, dpeg_lair_monsters
D:11:     layout_loops_ring, ebering_ghost_xom, nicolae_eternal_life
D:12:     layout_roguey, orc_0_dummy
D:13:     layout_loops_ring
D:14:     layout_roguey, grunt_vaults_entry_fortified,
          nicolae_figureground_pulse, uniq_roxanne
Temple:   minmay_temple_bridge_abc
Lair:1:   gammafunk_boulding_lane, layout_cave_pods, serial_bayou_shore_b
Orc:1:    layout_caves, nicolae_orc_crystal_seam
Abyss:2:  base:
D:10

Skill      XL: |  1  2  3  4  5  6  7  8  9 10 11 12 |
---------------+-------------------------------------+-----
Unarmed Combat | 4 5 6 8 10 11 12 | 12.4
Shapeshifting  | 4 6 7 9 10 11 12 13 | 13.3
Evocations     | 3 4 5 |  5.0
Fighting       | 5 7 9 |  9.3
Dodging        | |  2.0

Action                     |  1- 3 |  4- 6 |  7- 9 | 10-12 || total
---------------------------+-------+-------+-------+-------++-------
  Melee: Unarmed           |   137 |    87 |    78 |   454 ||   756
         Constrict         |     8 |    14 |    37 |    88 ||   147
         Tentacles         |    34 |    14 |    23 |       ||    71
         Punch             |     4 |     1 |     7 |       ||    12
         Long sword        |       |       |    68 |       ||    68
  Throw: Stone             |       |       |     4 |       ||     4
         Dart              |       |       |     6 |       ||     6
Ability: Begin Untransform |       |       |     1 |       ||     1
  Evoke: Wand              |       |       |     8 |    19 ||    27
    Use: Scroll            |       |     6 |     4 |    11 ||    21
         Potion            |       |     2 |     4 |     2 ||     8
   Stab: Sleeping          |     5 |     3 |       |     1 ||     9
         Distracted        |       |       |       |     2 ||     2
 Armour: Skin              |     8 |    30 |    83 |   380 ||   501
  Dodge: Dodged            |    19 |    44 |    67 |   166 ||   296
  Block: Other             |     1 |    16 |    25 |    88 ||   130
         Reflection        |       |       |       |     6 ||     6
   Form: Serpent           |       |       |     1 |       ||     1
